 Dungeon Crawl Stone Soup version 0.20.1-1-g8b1a95d (webtiles) character file.

356 Minstaer the Slasher (level 6, 0/51 HPs)
             Began as a Human Gladiator on Nov 4, 2017.
             Was an Initiate of Gozag.
             Slain by an orc
             ... wielding a +0 hand axe
              (4 damage)
             ... on level 3 of the Dungeon.
             The game lasted 00:16:53 (3094 turns).

Minstaer the Slasher (Human Gladiator)              Turns: 3094, Time: 00:16:53

Health: 0/51       AC:  5    Str: 15    XL:     6   Next: 96%
Magic:  6/6        EV: 12    Int:  8    God:    Gozag
Gold:   257        SH:  0    Dex: 16    Spells: 5/5 levels left

rFire    . . .     SeeInvis .   o - +0 scimitar
rCold    . . .     Gourm    .   (no shield)
rNeg     . . .     Faith    .   b - +0 leather armour
rPois    .         Spirit   .   c - +0 helmet
rElec    .         Reflect  .   (no cloak)
rCorr    .         Harm     .   p - +0 pair of gloves
MR       .....                  (no boots)
Stlth    +.........             (no amulet)
Regen    0.2/turn               (no ring)
MPRegen  0.1/turn               (no ring)

@: gold aura, heavily drained
A: no striking features
a: Potion Petition, Call Merchant, Bribe Branch, Renounce Religion


You were on level 3 of the Dungeon.
You worshipped Gozag.
Gozag was aware of your devotion.
You were not hungry.

You visited 1 branch of the dungeon, and saw 3 of its levels.
You also visited: Sewer.

You collected 271 gold pieces.
You paid 14 gold pieces to Gozag.

Inventory:

Hand Weapons
 a - a +0 long sword
 o - a +0 scimitar (weapon)
 q - a +1 dagger of venom
 z - a +0 blowgun
Missiles
 d - 3 throwing nets (quivered)
 e - 154 stones
 g - 19 bolts
 j - 38 sling bullets
 A - 14 poisoned needles
Armour
 b - a +0 leather armour (worn)
 c - a +0 helmet (worn)
 m - a cursed +0 ring mail
 p - a +0 pair of gloves (worn)
 s - a +0 ring mail
Scrolls
 i - a scroll of remove curse {unknown}
 l - a scroll of fear {unknown}
 n - a scroll of recharging {unknown}
 t - 2 scrolls of identify {unknown}
 u - a scroll of enchant weapon {unknown}
 w - a scroll of magic mapping {unknown}
 y - a scroll of teleportation {unknown}
Potions
 h - 3 potions of heal wounds {unknown}
 k - 9 potions of curing {unknown}
 r - 4 potions of agility {unknown}
 v - 2 potions of degeneration {unknown}
 x - 2 potions of flight {unknown}


   Skills:
 + Level 5.0(3.7) Fighting
 + Level 5.5(4.1) Long Blades
 - Level 2.0(0.8) Throwing
 - Level 3.0(1.7) Dodging


You had 5 spell levels left.
You didn't know any spells.

Dungeon Overview and Level Annotations

Branches:
Dungeon (3/15)

Altars:
Elyvilon
Gozag
Kikubaaqudgha
Xom
Zin


Message History

You hear some strange, mumbled words.
The orc wizard points at you and mumbles some strange words.
The magic dart hits you! The orc hits you with a hand axe.
You closely miss the orc wizard.
The orc wizard is severely wounded.
The orc wizard hits you but does no damage. x2
The orc closely misses you.
You barely miss the orc wizard.
The orc wizard is severely wounded.
The orc wizard hits you with a dagger.
* * * LOW HITPOINT WARNING * * *
The orc hits you with a hand axe.
* * * LOW HITPOINT WARNING * * *
The orc wizard points at you and mumbles some strange words.
The puff of flame hits you!
* * * LOW HITPOINT WARNING * * *
Okay, then.
The orc hits you with a hand axe.
You die...
Your body crumbles into a pile of gold.

# #...(.#.# #.# #.....# #.# #
#$......###.######...# #.#
#####.##..........#####.## #.#
.....................!#.####.#
................#.##..#.#....#
#####.##.........{....#.#.####
#......####[#.##.##.#.#
#.##.#.####.#o##.##.#.#
#.##.#.#....@o......#.#
####.##.#.#.##.........#.#
##.......#%............##.#
.........##...............#
##........>.#.#####....#..#
#...(...##...## ##.#.#..#
#.............#####.#.#..#
#.#......!....##.##.#.#..#
#........?......#<..#.#<.#


You could see an orc wizard and an orc.

Vanquished Creatures
  2 big kobolds (Sewer)
  Natasha (thrice) (D:3)
  4 adders
  A river rat (D:3)
  2 oozes (Sewer)
  A worm (D:3)
  5 dart slugs
  2 leopard geckos (D:3)
  2 orcs (D:3)
  6 ball pythons
  5 bats
  3 giant cockroaches
  6 goblins
  7 hobgoblins
  16 kobolds
  7 frilled lizards
  10 rats
82 creatures vanquished.

Notes
Turn   | Place    | Note
-------+----------+-------------------------------------------
     0 | D:1      | Minstaer the Human Gladiator began the quest for the Orb.
     0 | D:1      | Reached XP level 1. HP: 16/16 MP: 1/1
   165 | D:1      | Reached XP level 2. HP: 21/22 MP: 2/2
   722 | D:1      | Reached XP level 3. HP: 9/28 MP: 3/3
  1016 | D:2      | Found a white marble altar of Elyvilon.
  1016 | D:2      | Found a glowing silver altar of Zin.
  1017 | D:2      | Found a shimmering altar of Xom.
  1117 | D:2      | Found an opulent altar of Gozag.
  1205 | D:2      | Reached XP level 4. HP: 34/34 MP: 4/4
  1379 | D:2      | Found an ancient bone altar of Kikubaaqudgha.
  1695 | D:2      | Became a worshipper of Gozag Ym Sagoz the Greedy
  1828 | D:3      | Noticed Natasha
  1843 | D:3      | Killed Natasha
  1843 | D:3      | Reached XP level 5. HP: 25/41 MP: 5/5
  1865 | D:3      | Noticed Natasha
  2025 | D:3      | Killed Natasha
  2061 | D:3      | Found a glowing drain.
  2070 | Sewer    | Entered a sewer
  2245 | Sewer    | Noticed a big kobold
  2259 | Sewer    | Killed a big kobold
  2259 | Sewer    | Reached skill level 5 in Long Blades
  2259 | Sewer    | Reached XP level 6. HP: 17/49 MP: 6/6
  3052 | D:3      | Noticed Natasha
  3061 | D:3      | Killed Natasha
  3061 | D:3      | Reached skill level 5 in Fighting
  3094 | D:3      | Slain by an orc

Skill      XL: |  1  2  3  4  5  6 |
---------------+-------------------+-----
Long Blades    | 4 5 |  5.5
Fighting       | 3 4 5 |  5.0
Throwing       | |  2.0
Dodging        | |  3.0

Action                   |  1- 3 |  4- 6 || total
-------------------------+-------+-------++-------
Melee: Long sword        |    68 |       ||    68
       Scimitar          |     9 |   178 ||   187
Invok: Potion Petition   |       |     1 ||     1
 Stab: Sleeping          |       |     3 ||     3
       Distracted        |       |     1 ||     1
  Eat: Chunk             |     1 |     2 ||     3
       Royal jelly       |       |     1 ||     1
       Bread ration      |       |     1 ||     1
Armor: Leather armour    |    22 |    56 ||    78
Dodge: Dodged            |    59 |   132 ||   191
       Rpst.: Long sword |    19 |       ||    19
       Scimitar          |     4 |    37 ||    41
